 Dungeon Crawl Stone Soup version 0.32-a0-30-gefbe487952 (webtiles) character file.

Game seed: 14082003463802015496

61851 Monkooky the Spear-Bearer (level 14, -40/118 HPs)
             Began as a Mummy Chaos Knight on Jan 16, 2024.
             Was a High Priest of Ashenzari.
             Annihilated by a titanic slime creature (70 damage)
             ... on level 12 of the Dungeon on Jan 19, 2024.
             The game lasted 01:18:20 (21451 turns).

Monkooky the Spear-Bearer (Mummy Chaos Knight)     Turns: 21451, Time: 01:18:21

Health: -40/118    AC: 27    Str: 19    XL:     14   Next: 62%
Magic:  14/39      EV: 16    Int: 11    God:    Ashenzari [*****.]
Gold:   813        SH:  0    Dex: 13    Spells: 13/37 levels left

rFire   x . .        B - +1 halberd "Sidereal Doubts" {Cun, Elem} (curse)
rCold   + + .        (shield currently unavailable)
rNeg    + + +        a - +14 Cigotuvi's embrace {Corpsefed rMiasma ^Drain rN+}
rPois   ∞            e - +2 helmet of the Circumscribed God {Sorc, Melee} (curse)
rElec   .            n - +2 cloak "Shattered Fallacy" {Fort, Cun} (curse)
rCorr   .            K - +0 pair of gloves "At What Cost Knowledge?" {Elem, Self} (curse)
SInv    +            h - +0 pair of boots of the Fated Inaction {Comp, Melee} (curse)
Will    +....        q - amulet "Pantheism of Ashenzari" {Regen+, Bglg, Self} (curse)
Stlth   +            u - ring of Star-Bound Wisdom {MP+9, Elem, Bglg} (curse)
HPRegen 1.19/turn    x - ring of the Tethered Augurer {rC+, Sorc, Dev} (curse)
MPRegen 0.26/turn

%: clarity, faith
@: very slightly contaminated
A: cold resistance 1, negative energy resistance 3, torment resistance 2, heat
vulnerability 1, in touch with death 2, no potions, faith
a: Renounce Religion, Shatter the Chains


You were on level 12 of the Dungeon.
You worshipped Ashenzari.
Ashenzari was extremely pleased with you.
You visited 3 branches of the dungeon, and saw 19 of its levels.

You collected 1799 gold pieces.
You spent 986 gold pieces at shops.

Inventory:

Hand Weapons
 A - the +0 lajatang of Freehold {heavy, MP+9}
   (You bought it in a shop on level 2 of the Orcish Mines)

   MP+9:      It affects your magic capacity (+9).
 B - the cursed +1 halberd "Sidereal Doubts" (weapon) {Cun, Elem}
   (You took it off a wight on level 7 of the Dungeon)

   It has a curse which improves the following skills: Cunning: Dodging and
   Stealth.
   Elements:  Fire Magic, Ice Magic, Air Magic and Earth Magic.
 J - a +3 trident
 M - a +2 glaive
Missiles
 w - 12 javelins (quivered)
Armour
 a - the +14 Cigotuvi's embrace (worn) {Corpsefed rMiasma ^Drain rN+}
   (You bought it in a shop on level 2 of the Orcish Mines)

   Corpsefed: It gathers nearby corpses to temporarily increase the armour it
   provides.
   rMiasma:   It protects you from foul pestilence.
   rN+:       It protects you from negative energy.
   ^Drain:    It drains your maximum health when unequipped.
 e - the cursed +2 helmet of the Circumscribed God (worn) {Sorc, Melee}
   (You took it off Robin on level 4 of the Dungeon)

   It has a curse which improves the following skills: Sorcery: Conjurations and
   Alchemy.
   Melee Combat: Short Blades, Long Blades, Axes, Maces & Flails, Polearms,
   Staves and Unarmed Combat.
 h - the cursed +0 pair of boots of the Fated Inaction (worn) {Comp, Melee}
   (You found it on level 1 of the Dungeon)

   It has a curse which improves the following skills: Companions: Summonings
   and Necromancy.
   Melee Combat: Short Blades, Long Blades, Axes, Maces & Flails, Polearms,
   Staves and Unarmed Combat.
 j - a +0 ring mail
 n - the cursed +2 cloak "Shattered Fallacy" (worn) {Fort, Cun}
   (You found it on level 2 of the Dungeon)

   It has a curse which improves the following skills: Fortitude: Armour and
   Shields.
   Cunning:   Dodging and Stealth.
 t - a +0 buckler
 y - a +0 plate armour
 K - the cursed +0 pair of gloves "At What Cost Knowledge?" (worn) {Elem, Self}
   (You found it on level 10 of the Dungeon)

   It has a curse which improves the following skills: Elements: Fire Magic, Ice
   Magic, Air Magic and Earth Magic.
   Introspection: Fighting and Spellcasting.
Magical Staves
 z - a staff of cold
Jewellery
 c - a ring of fire
 q - the cursed amulet "Pantheism of Ashenzari" (around neck) {Regen+, Bglg, Self}
   (You found it on level 2 of the Dungeon)

   [amulet of regeneration]

   Regen+:    It increases your rate of health regeneration.
   It has a curse which improves the following skills: Beguiling: Hexes and
   Translocations.
   Introspection: Fighting and Spellcasting.
 s - an amulet of the acrobat
 u - the cursed ring of Star-Bound Wisdom (left hand) {MP+9, Elem, Bglg}
   (You found it on level 5 of the Dungeon)

   [ring of magical power]

   MP+9:      It affects your magic capacity (+9).
   It has a curse which improves the following skills: Elements: Fire Magic, Ice
   Magic, Air Magic and Earth Magic.
   Beguiling: Hexes and Translocations.
 x - the cursed ring of the Tethered Augurer (right hand) {rC+, Sorc, Dev}
   (You found it on level 6 of the Dungeon)

   [ring of protection from cold]

   rC+:       It protects you from cold.
   It has a curse which improves the following skills: Sorcery: Conjurations and
   Alchemy.
   Devices:   Evocations.
 H - a ring of wizardry
Wands
 d - a wand of polymorph (9)
 k - a wand of flame (8)
 o - a wand of digging (4)
 L - a wand of roots (1)
Scrolls
 f - 2 scrolls of amnesia
 g - 4 scrolls of noise
 i - 2 scrolls of poison
 l - 5 scrolls of vulnerability
 m - 4 scrolls of enchant weapon
 p - 2 scrolls of blinking
 r - 3 scrolls of fog
 v - a scroll of fear
 D - 2 scrolls of brand weapon
 F - a scroll of immolation
 G - a scroll of teleportation
 I - 2 scrolls of enchant armour


   Skills:
 - Level 10.1(13.2) Fighting
 - Level 2.4(4.9) Long Blades
 - Level 13.3(16.4) Polearms
 - Level 7.1(9.3) Armour
 - Level 6.9(10.1) Dodging
 + Level 9.0(12.2) Spellcasting
 + Level 6.3(10.4) Ice Magic
 * Level 7.9(11.1) Alchemy
 - Level 3.4(5.3) Evocations


You had 13 spell levels left.
You knew the following spells:

 Your Spells              Type           Power      Damage    Failure   Level
a - Ozocubu's Armour      Ice            29%        N/A       1%          3
b - Mercury Vapours       Alch/Air       38%        N/A       1%          2
c - Olgreb's Toxic Radia  Alch           31%        N/A       1%          4
d - Sculpt Simulacrum     Ice/Alch       15%        N/A       22%         6
e - Sticky Flame          Fire/Alch      19%        2d6       11%         4
f - Yara's Violent Unrav  Hex/Alch       9%         3d6       30%         5

Your spell library contained the following spells:

 Spells                   Type           Power      Damage    Failure   Level
 Sting                    Conj/Alch      76%        1d7       1%          1
 Magic Dart               Conj           28%        1d4       10%         1
 Shock                    Conj/Air       28%        1d4       10%         1
 Kiss of Death            Conj/Necr      64%        2d10      11%         1
 Fulminant Prism          Conj/Alch      9%         3d7       11%         4
 Ignite Poison            Fire/Alch      19%        N/A       11%         4
 Searing Ray              Conj           14%        2d5       16%         2
 Stone Arrow              Conj/Erth      14%        3d7       28%         3
 Swiftness                Air            8%         N/A       28%         3
 Confusing Touch          Hex            7%         N/A       30%         3
 Gell's Gravitas          Tloc           7%         N/A       30%         3
 Teleport Other           Tloc           7%         N/A       30%         3
 Tukima's Dance           Hex            7%         N/A       30%         3
 Metabolic Englaciation   Hex/Ice        9%         N/A       34%         5
 Airstrike                Air            4%         2d(1-17)  67%         4
 Animate Armour           Summ/Erth      14%        N/A       69%         4
 Passage of Golubria      Tloc           7%         N/A       69%         4
 Dispel Undead            Necr           16%        3d10      71%         4
 Dispersal                Tloc           3%         N/A       100%        6
 Malign Gateway           Summ/Tloc      3%         N/A       100%        7
 Ignition                 Fire           4%         3d4       100%        8
 Lehudib's Crystal Spear  Conj/Erth      3%         10d3      100%        8
 Summon Horrible Things   Summ           3%         N/A       100%        8


Dungeon Overview and Level Annotations

Branches:
Dungeon (12/15)            Temple (0/1) D:7            Lair (5/5) D:11
  Swamp (0/4) Lair:2        Snake (0/4) Lair:3        Slime (0/5) Lair:5
    Orc (2/2) D:9             Elf (0/3) Orc:2

Altars:
Ashenzari
Dithmenos
Hepliaklqana
Nemelex Xobeh
Qazlal
Sif Muna
Trog
Vehumet
Wu Jian
Xom
Jiyva

Shops:
D:1 :   Orc:2 ([*(

Annotations:
D:7 exclusion: lava snake
D:9 1 runed translucent door, D1Gnoll's ghost, novice KoBr
D:10 1 runed translucent door, exclusion: downstairs, Rennog's ghost, journeyman GrFi
Lair:2 3 runed translucent doors, exclusion: hydra, zenocrate's ghost, journeyman VSEn
Lair:3 exclusions: downstairs and 1 more exclusion
Lair:4 exclusions: door and 2 downstairs


Innate Abilities, Weirdness & Mutations

You are immune to poison.
Your flesh is cold resistant. (rC+)
You are immune to negative energy. (rN+++)
You are immune to unholy pain and torment.
You are vulnerable to heat. (rF-)
You are strongly in touch with the powers of death.
You do not drink.
You have a special connection with the divine. (Faith)


Message History

The large slime creature burns!
Two slime creatures merge to form a very large slime creature.
You impale the large slime creature!!
The large slime creature is heavily wounded.
The large slime creature burns!
The large slime creature stops burning.
Two slime creatures merge to form an enormous slime creature.
You hit the large slime creature.
The large slime creature is severely wounded.
A large slime creature splits.
You hit the slime creature but do no damage.
The slime creature is severely wounded.
The slime creature hits you but does no damage.
You slash the slime creature!
The slime creature is almost dead.
The slime creature hits you.
You slice the slime creature!!
You kill the slime creature!
Two slime creatures merge to form a titanic slime creature.
Casting: Sculpt Simulacrum (dangerous; 22% risk of failure)
Confirm with . or Enter, or press ? or * to list all spells.
Aiming: Sculpt Simulacrum (dangerous; 22% risk of failure)
Press: ? - help, Shift-Dir - straight line, f/p - titanic slime creature
Aim: a titanic slime creature (lightly wounded)
You sublimate a sliver of the titanic slime creature's essence and reconstitute it in ice.
Press: ? - help, v - describe, . - travel
Here: a titanic slime creature (lightly wounded, ally target)
The floor.
Your icy armour cracks and falls away as you move.
The titanic slime creature attacks as it pursues you!
The titanic slime creature hits you!!!
Casting: Sculpt Simulacrum (dangerous; 22% risk of failure)
Confirm with . or Enter, or press ? or * to list all spells.
A film of ice covers your body! The titanic slime creature hits you!!!
* * * LOW HITPOINT WARNING * * *
Unknown command.
Your icy armour cracks and falls away as you move.
The titanic slime creature attacks as it pursues you!
The titanic slime creature hits you!!!
Ouch! That really hurt!
You die...

,,,*,,*******,,,*,,,
,,,*,,* *,^**,#* ,,,+,,*
**,,**.#* ,,,#.,*
*,∆,∆...,
,,,#..*#####*,,....,,
,,,#..##...#*,....#*,,
,,,#......8##.....#*,,,+,
,,,#$..<8...'..[..#,,,,*~
,,,*..##@J.##.....#,,,,**
****,,##...######.#***,,*
,,**,,#....##..##+####***
,,,+,,#........#.....#,,∆
,,,*,,#.)......'.....#,,,
>,,*,,#....##..##....#,,,
,,**,,###+###..##)..#***,
,,******,,,*#..##...####,
,,,,,,*,,,,,#.)........#,


You could see a titanic slime creature (ally target).

Vanquished Creatures
  Gastronok (D:11)
  A dire elephant (Lair:5)
  An ettin (Orc:1)
  Erolcha (D:12)
  3 hydras
  A catoblepas (Lair:5)
  A centaur warrior (D:11)
  A two-headed ogre (D:10)
  A deep troll shaman (Lair:5)
  8 death yaks
  2 spriggan druids (Lair:2)
  A lindwurm (Lair:5)
  5 orc knights
  An orc sorcerer (Orc:2)
  An oklob plant (Lair:1)
  Joseph (D:7)
  A cyclops (Orc:2)
  5 kobold blastminers (Orc:2)
  12 elephants
  5 black mambas
  2 torpor snails
  21 cane toads
  A gargoyle (D:8)
  9 komodo dragons
  3 trolls
  4 polar bears
  A hornet (Lair:1)
  3 blink frogs (Lair:2)
  13 dream sheep
  A slime creature (D:12)
  Eustachio (D:4)
  3 wyverns
  4 shadows
  59 yaks
  4 basilisks
  3 nagas (Lair:3)
  11 water moccasins
  2 acid dragons
  2 black bears (D:6)
  10 ice beasts
  32 orc warriors
  15 wolves
  3 ogres
  11 centaurs
  2 kobold brigands
  11 bullfrogs
  2 gnoll sergeants
  Blork the orc (D:5)
  10 scorpions
  17 wights
  10 killer bees
  3 howler monkeys
  A quasit (D:8)
  19 orc priests
  8 hounds
  An iguana (D:5)
  Ijyb (D:3)
  19 orc wizards
  Robin (D:4)
  7 gnolls
  11 adders
  5 shadow imps
  2 white imps
  2 ufetubi (D:8)
  A ribbon worm (D:2)
  3 dart slugs
  71 orcs
  12 endoplasms
  2 giant cockroaches
  14 goblins
  7 hobgoblins
  3 jackals (D:3)
  6 quokkas
  6 ball pythons
  6 bats
  A frilled lizard (D:3)
  29 kobolds
  4 rats
569 creatures vanquished.

Vanquished Creatures (collateral kills)
  A warg (Orc:2)
  4 orc warriors (Orc:2)
  An ogre (Orc:2)
  A centaur (Orc:2)
  2 orc wizards (Orc:2)
  An adder (D:2)
  2 orcs (Orc:2)
12 creatures vanquished.

Vanquished Creatures (others)
  An orc wizard (Orc:2)
1 creature vanquished.

Grand Total: 582 creatures vanquished

Notes
Turn   | Place    | Note
-------+----------+-------------------------------------------
     0 | D:1      | Monkooky the Mummy Chaos Knight began the quest for the
                  | Orb.
     0 | D:1      | Reached XP level 1. HP: 18/18 MP: 1/1
    53 | D:1      | XOM: silly message
    68 | D:1      | XOM: potion effect (might)
    71 | D:1      | Reached skill level 1 in Polearms
    76 | D:1      | Reached XP level 2. HP: 24/24 MP: 2/2
   159 | D:1      | XOM: divination: detect items
   200 | D:1      | Found Niotiy's Book Boutique.
   306 | D:1      | XOM: divination: detect items
   309 | D:1      | XOM: silly message
   381 | D:1      | XOM: silly message
   432 | D:1      | Reached skill level 2 in Polearms
   696 | D:2      | Reached XP level 3. HP: 28/29 MP: 3/3
   780 | D:2      | XOM: summons 3 friendly demons
   862 | D:2      | XOM: divination: detect items
  1145 | D:2      | Reached skill level 3 in Polearms
  1203 | D:2      | XOM: scenery: create altars
  1315 | D:2      | XOM is BORED!
  1315 | D:2      | XOM: summons 2 hostile demons
  1359 | D:2      | Reached XP level 4. HP: 35/35 MP: 4/4
  1741 | D:3      | Found a faded altar of an unknown god.
  1753 | D:3      | Prayed at the altar of an unknown god.
  1753 | D:3      | Fell from the grace of Xom
  1753 | D:3      | Became a worshipper of Ashenzari the Shackled
  1919 | D:3      | Noticed Ijyb
  1967 | D:3      | Killed Ijyb
  1968 | D:3      | Reached skill level 4 in Polearms
  1968 | D:3      | Reached XP level 5. HP: 18/41 MP: 5/5
  2336 | D:3      | XOM: summons 9 hostile demons
  2337 | D:3      | Noticed a chaos spawn
  2411 | D:4      | Reached XP level 6. HP: 47/47 MP: 6/6
  2479 | D:4      | Found an ornate altar of the Wu Jian Council.
  2490 | D:4      | Noticed Robin
  2496 | D:4      | Reached skill level 5 in Polearms
  2506 | D:4      | Killed Robin
  2595 | D:4      | Found a radiant altar of Vehumet.
  2654 | D:4      | Noticed Eustachio
  2705 | D:4      | Reached * piety under Ashenzari
  2710 | D:4      | Killed Eustachio
  2711 | D:4      | Reached skill level 6 in Polearms
  2711 | D:4      | Reached XP level 7. HP: 53/53 MP: 7/7
  2991 | D:5      | Entered Level 5 of the Dungeon
  2995 | D:5      | Noticed Blork the orc
  3010 | D:5      | Killed Blork the orc
  3205 | D:5      | Reached ** piety under Ashenzari
  3219 | D:5      | XOM: stat loss: -1 Dex (11/12)
  3269 | D:5      | Reached skill level 7 in Polearms
  3421 | D:5      | Reached XP level 8. HP: 60/60 MP: 8/8
  3557 | D:5      | XOM: summons 7 hostile demons
  3625 | D:5      | XOM: summons 8 hostile demons
  3702 | D:5      | XOM: summons 5 hostile demons
  4053 | D:6      | Reached skill level 8 in Polearms
  4331 | D:6      | Found a stormy altar of Qazlal.
  4673 | D:6      | Found a bloodstained altar of Trog.
  4682 | D:6      | Reached skill level 9 in Polearms
  4761 | D:6      | Reached *** piety under Ashenzari
  4995 | D:7      | Found a staircase to the Ecumenical Temple.
  5010 | D:7      | Noticed Joseph
  5047 | D:7      | HP: 3/60 [Joseph/+0 quarterstaff (16)]
  5049 | D:7      | Killed Joseph
  5050 | D:7      | Reached XP level 9. HP: 6/65 MP: 9/9
  5203 | D:7      | XOM: noise
  5211 | D:7      | Found a shadowy altar of Dithmenos.
  5342 | D:7      | Reached skill level 5 in Fighting
  5396 | D:7      | Found a sparkling altar of Nemelex Xobeh.
  5892 | D:8      | Reached skill level 10 in Polearms
  6133 | D:8      | Reached XP level 10. HP: 79/79 MP: 10/10
  6170 | D:8      | Reached skill level 11 in Polearms
  6383 | D:8      | Noticed a gargoyle
  6398 | D:8      | Killed a gargoyle
  6669 | D:8      | Reached skill level 12 in Polearms
  7008 | D:8      | XOM: divination: detect items
  7188 | D:9      | Reached **** piety under Ashenzari
  7276 | D:8      | Reached skill level 13 in Polearms
  7307 | D:9      | Found a hazy altar of Hepliaklqana.
  7439 | D:9      | Reached skill level 1 in Dodging
  7507 | D:9      | Reached XP level 11. HP: 77/84 MP: 11/11
  7550 | D:9      | XOM: silly message
  7804 | D:9      | Found a runed translucent door.
  7807 | D:9      | Noticed D1Gnoll's ghost (novice KoBr)
  7949 | D:9      | Found a staircase to the Orcish Mines.
  8077 | D:10     | XOM: noise
  8077 | D:10     | Entered Level 10 of the Dungeon
  8109 | D:10     | XOM: silly message
  8474 | D:10     | Noticed a two-headed ogre
  8488 | D:10     | Killed a two-headed ogre
  8697 | D:10     | Found a runed translucent door.
  8697 | D:10     | Identified the +4 trident of Honour {holy, rC+++ rN+ Str-2
                  | Stlth+}
  8701 | D:10     | Noticed Rennog's ghost (journeyman GrFi)
  8917 | D:11     | Noticed Gastronok
  9307 | D:11     | XOM: silly message
  9337 | D:11     | Found a shimmering blue altar of Sif Muna.
  9357 | D:11     | Found a staircase to the Lair.
  9375 | D:11     | XOM: silly message
  9489 | D:11     | XOM: silly message
  9837 | D:11     | Noticed a centaur warrior
  9858 | D:11     | Killed a centaur warrior
  9897 | D:11     | XOM: silly message
 10192 | D:11     | XOM: silly message
 10193 | Lair:1   | Entered Level 1 of the Lair of Beasts
 10341 | Lair:1   | Reached XP level 12. HP: 59/99 MP: 12/12
 10406 | Lair:1   | Reached skill level 5 in Armour
 10825 | Lair:1   | XOM: divination: magic mapping
 10856 | Lair:1   | XOM: silly message
 10962 | Lair:1   | Reached skill level 5 in Dodging
 11221 | Lair:2   | XOM: silly message
 11229 | Lair:2   | Noticed an eight-headed hydra
 11238 | Lair:2   | Killed a nine-headed hydra
 11359 | Lair:1   | XOM: silly message
 11381 | Lair:2   | XOM: silly message
 11425 | Lair:2   | Noticed a minotaur
 11425 | Lair:2   | Noticed zenocrate's ghost (journeyman VSEn)
 11688 | Lair:2   | Noticed a six-headed hydra
 11809 | Lair:1   | XOM: silly message
 11955 | Lair:2   | Found a staircase to the Swamp.
 12132 | Lair:2   | Found a runed translucent gate.
 12132 | Lair:2   | Found a runed translucent gate.
 12132 | Lair:2   | Found a runed translucent gate.
 12319 | Lair:2   | XOM: silly message
 12576 | Lair:3   | Reached skill level 10 in Fighting
 12704 | Lair:3   | Noticed a death yak
 12704 | Lair:3   | Noticed a death yak
 12746 | Lair:3   | Killed a death yak
 12781 | Lair:3   | Killed a death yak
 12782 | Lair:3   | Gained mutation: You are strongly in touch with the powers
                  | of death. [Mummy growth]
 12782 | Lair:3   | Reached XP level 13. HP: 45/109 MP: 13/13
 12846 | Lair:3   | Learned a level 3 spell: Ozocubu's Armour
 12849 | Lair:3   | Learned a level 2 spell: Mercury Vapours
 12854 | Lair:3   | Learned a level 4 spell: Olgreb's Toxic Radiance
 12984 | Lair:3   | Reached skill level 1 in Spellcasting
 13055 | Lair:3   | Reached skill level 1 in Ice Magic
 13463 | Lair:3   | XOM: summons 4 hostile shadow creatures
 13689 | Lair:3   | Found a staircase to the Snake Pit.
 14051 | Lair:4   | Reached skill level 1 in Alchemy
 14055 | Lair:4   | XOM: 1-stop teleportation journey
 14489 | Lair:4   | Reached skill level 5 in Spellcasting
 14988 | Lair:5   | Entered Level 5 of the Lair of Beasts
 15001 | Lair:4   | XOM: noise
 15232 | Lair:5   | XOM: confuse monster(s)
 15232 | Lair:5   | Was forgiven by Xom
 15846 | Lair:5   | Found a staircase to the Slime Pits.
 15846 | Lair:5   | Found a viscous altar of Jiyva.
 15995 | Lair:5   | Upgraded the game from 0.32-a0-18-g89e19f1974 to
                  | 0.32-a0-22-g6ae6769602
 16010 | Lair:5   | Identified the +2 leather armour of Negligence {Harm rElec
                  | Int-4 Dex+5}
 16025 | Lair:5   | Learned a level 6 spell: Sculpt Simulacrum
 16030 | Lair:5   | Reached ***** piety under Ashenzari
 16584 | Lair:5   | Reached skill level 5 in Alchemy
 16981 | Lair:5   | Reached XP level 14. HP: 75/118 MP: 28/28
 16993 | Lair:5   | Reached skill level 5 in Ice Magic
 17167 | Lair:5   | Upgraded the game from 0.32-a0-22-g6ae6769602 to
                  | 0.32-a0-30-gefbe487952
 17885 | Lair:5   | Learned a level 4 spell: Sticky Flame
 17891 | Lair:5   | Learned a level 5 spell: Yara's Violent Unravelling
 18212 | Orc:1    | Entered Level 1 of the Orcish Mines
 18226 | Orc:1    | Reached ****** piety under Ashenzari
 18860 | Orc:2    | Entered Level 2 of the Orcish Mines
 19619 | Orc:2    | Found a staircase to the Elven Halls.
 20201 | Orc:2    | Found Jamaak's Armour Boutique.
 20201 | Orc:2    | Found Dawanguc's General Store.
 20203 | Orc:2    | Found Cocu's Antique Weapon Shoppe.
 20205 | Orc:2    | Found Fiqej's Antique Weapon Shop.
 20227 | Orc:2    | Bought the +4 Cigotuvi's embrace {Corpsefed rMiasma ^Drain
                  | rN+} for 386 gold pieces
 20227 | Orc:2    | Found the +4 Cigotuvi's embrace {Corpsefed rMiasma ^Drain
                  | rN+}
 20229 | Orc:2    | Bought an ebony lajatang for 600 gold pieces
 20229 | Orc:2    | Identified the +0 lajatang of Freehold {heavy, MP+9} (You
                  | bought it in a shop on level 2 of the Orcish Mines)
 21214 | D:11     | Killed Gastronok
 21405 | D:12     | Noticed Erolcha
 21412 | D:12     | Killed Erolcha
 21451 | D:12     | Annihilated by a titanic slime creature

Illustrated notes

Levels and vault maps discovered:
D:1:      ncdulo_halloftheorcs, layout_rooms, serial_shops,
          nicolae_shop_gibbet_a_chance, chequers_serial_rivers_large_b
D:2:      layout_loops_ring, chequers_serial_rivers_micro_a, minmay_tromino_v4_a
D:3:      layout_loops_ring, shapermc_ecumenical_altar_mp_highgroup,
          minmay_cupped, uniq_ijyb
D:4:      layout_basic, mainiacjoe_overflow_catwalk,
          mainiacjoe_overflow_cross_hatched, uniq_eustachio, uniq_robin
D:5:      wander_river, layout_loops_cross, uniq_blork_the_orc
D:6:      layout_cave_pods, trog_ov_bears_minmay,
          mainiacjoe_overflow_six_doors_small
D:7:      layout_cave_pools, mainiacjoe_overflow_tiny_flanked,
          nicolae_dithmenos_the_darkroom, nicolae_uskayaw_suspiria,
          minmay_temple_entry_nine_rooms, uniq_joseph
D:8:      layout_loops_ring, serial_demonic, serial_demonic_g, serial_demonic_a,
          serial_demonic_g, serial_demonic_g, serial_demonic_c,
          serial_demonic_b, serial_demonic_e
D:9:      layout_big_octagon, mainiacjoe_overflow_catch_the_wave, david_orc_4,
          ebering_ghost_reflecting_pool
D:10:     layout_irregular_city, ebering_ghost_funeral_grove,
          small_statue_intersection
D:11:     minmay_ice_pillars, layout_basic, lair_entry_dummy,
          nicolae_sif_muna_condensation, uniq_gastronok
D:12:     layout_gridville, enter_trove_5, uniq_erolcha
Lair:1:   minmay_lair_oklob_chamber, layout_regular_city, grunt_megastairs_4
Lair:2:   layout_loops_ring, mainiacjoe_swamp_entry_angry_trees,
          maelrawn_ghost_gauntlet_escape, grunt_megastairs_2
Lair:3:   layout_long_grid, alex1729_snake_entry_snake,
          infiniplex_staircase_pool
Lair:4:   cheibrodos_lair_river_kwai, layout_hall_layers
Lair:5:   grunt_lair_end_beastmaster, layout_cave_pods, slime_entry_1
Orc:1:    layout_caves, elves_outpost_lemuel
Orc:2:    st_orc_rangers, layout_diamond_mine

Skill      XL: |  1  2  3  4  5  6  7  8  9 10 11 12 13 14 |
---------------+-------------------------------------------+-----
Polearms       | 1 2 3 4 6 7 9 10 13 | 13.3
Evocations     | 2 3 |  3.4
Fighting       | 5 7 10 | 10.1
Dodging        | 1 4 6 |  6.9
Armour         | 4 7 |  7.1
Spellcasting   | 7 9 |  9.0
Ice Magic      | 4 6 |  6.3
Alchemy        | 5 7 |  7.9
Long Blades    | |  2.4

Action                     |  1- 3 |  4- 6 |  7- 9 | 10-12 | 13-15 || total
---------------------------+-------+-------+-------+-------+-------++-------
  Melee: Spear             |   170 |   277 |   421 |       |       ||   868
         Punch             |       |     1 |     6 |     7 |     1 ||    15
         Trident           |       |       |   140 |   497 |    26 ||   663
         Halberd           |       |       |       |   527 |   727 ||  1254
  Throw: Javelin           |       |       |       |       |     2 ||     2
   Cast: Olgreb's Toxic Ra |       |       |       |       |   108 ||   108
         Ozocubu's Armour  |       |       |       |       |    35 ||    35
         Mercury Vapours   |       |       |       |       |     6 ||     6
         Sculpt Simulacrum |       |       |       |       |    15 ||    15
         Sticky Flame      |       |       |       |       |     7 ||     7
         Yara's Violent Un |       |       |       |       |     3 ||     3
 Invoke: Curse Item        |       |     2 |     4 |     2 |     3 ||    11
         Shatter the Chain |       |       |     1 |     1 |     1 ||     3
  Evoke: Wand              |       |     1 |    19 |    15 |     5 ||    40
    Use: Scroll            |       |     5 |     2 |     4 |     3 ||    14
   Stab: Sleeping          |     1 |       |     2 |       |     1 ||     4
 Armour: Leather armour    |    86 |   156 |   382 |   594 |   595 ||  1813
         Skin              |     2 |       |       |       |       ||     2
  Dodge: Dodged            |    81 |   143 |   315 |   448 |   512 ||  1499

Table legend: (Time is in decaauts)
 A = Elapsed time spent in this place.
 B = Non-inter-level travel time spent in this place.
 C = Inter-level travel time spent in this place.
 D = Time resting spent in this place.
 E = Time spent auto-exploring this place.
 F = Levels seen in this place.
 G = Mean time per level.
                   A        B        C        D        E       F      G
               +--------+--------+--------+--------+--------+-----+--------+
         Total |  20782 |  18880 |   1902 |   2668 |  11420 |  19 | 1093.8 |
       Dungeon |  10963 |   9773 |   1190 |    552 |   6597 |  12 |  913.6 |
          Lair |   7395 |   6811 |    584 |   1181 |   3995 |   5 | 1479.0 |
  Orcish Mines |   2423 |   2296 |    127 |    934 |    827 |   2 | 1211.5 |
               +--------+--------+--------+--------+--------+-----+--------+

Top non-repeatable levels by time:
  Lair:5: 2203 daAuts
    D:11: 2083 daAuts
   Orc:1: 1380 daAuts
  Lair:3: 1357 daAuts
  Lair:2: 1343 daAuts
  Lair:4: 1277 daAuts
  Lair:1: 1213 daAuts
     D:8: 1176 daAuts
     D:9: 1056 daAuts
   Orc:2: 1042 daAuts
    D:10: 945 daAuts
     D:3: 872 daAuts
     D:7: 855 daAuts
     D:2: 830 daAuts
     D:6: 815 daAuts
